 Dungeon Crawl Stone Soup version 0.30-a0-49-g1cef19eb02 (webtiles) character file.

Game seed: 4883433268839354644

135 drugrobin the Cutter (level 4, 0/37 HPs)
             Began as a Demigod Delver on Sept 2, 2022.
             Succumbed to a scorpion's poison
             ... on level 4 of the Dungeon.
             The game lasted 00:02:14 (578 turns).

drugrobin the Cutter (Demigod Delver)                Turns: 578, Time: 00:02:15

Health: 0/37       AC:  5    Str: 13    XL:     4   Next: 65%
Magic:  6/6        EV: 12    Int: 12    God:
Gold:   52         SH:  0    Dex: 19    Spells: 3/3 levels left

rFire   . . .      SeeInvis .    a - +0 short sword
rCold   . . .      Faith    .    (no shield)
rNeg    . . .      Spirit   .    b - +0 leather armour
rPois   .          Reflect  .    (no helmet)
rElec   .          Harm     .    h - +1 cloak {Stlth+}
rCorr   .          Rampage  .    (no gloves)
Will    .....                    (no boots)
Stlth   ++++......               (no amulet)
HPRegen 0.12/turn                (no ring)
MPRegen 0.10/turn                (no ring)

@: lethally poisoned (0 -> -3)
A: high MP 1, forlorn, divine attributes, hooves 1, wild magic 1, MP-powered
wands
a: no special abilities


You were on level 4 of the Dungeon.
You visited 1 branch of the dungeon, and saw 2 of its levels.

You collected 52 gold pieces.

Inventory:

Hand Weapons
 a - a +0 short sword (weapon)
Armour
 b - a +0 leather armour (worn)
 h - a +1 cloak of stealth (worn)
Wands
 g - a wand of digging (3)
Scrolls
 c - a scroll of fog
 d - a scroll of magic mapping
 e - a scroll of fear
 i - a scroll of amnesia
Potions
 f - a potion of haste


   Skills:
 - Level 2.6 Fighting
 + Level 4.7 Short Blades
 - Level 1.7 Dodging
 - Level 4.5 Stealth


You had 3 spell levels left.
You didn't know any spells.
Your spell library was empty.

Dungeon Overview and Level Annotations

Branches:
Dungeon (5/15)
 Temple: D:4-7

Annotations:
D:4 1 runed translucent door


Innate Abilities, Weirdness & Mutations

You have an increased reservoir of magic. (+10% MP)
You shall have no god before yourself.
Your divine heritage dramatically boosts your attributes as you level up.
You have large cloven feet.
Your spells are a little harder to cast, but a little more powerful.
You expend magic power (3 MP) to strengthen your wands.


Message History

The scorpion is severely wounded.
You feel sick. The scorpion stings you!
You are more poisoned.
The scorpion poisons you! The scorpion stings you.
You hit the scorpion but do no damage.
The scorpion is severely wounded.
You feel very sick.
You hit the scorpion but do no damage.
The scorpion is severely wounded.
You feel sick. The scorpion stings you.
* * * LOW HITPOINT WARNING * * *
It was a potion of mutation.
You feel extremely strange.
Your feet thicken and deform.
You feel your magical essence link to the dungeon's wands.
You feel less in control of your magic.
* * * LOW HITPOINT WARNING * * *
You feel very sick. The scorpion closely misses you. The scorpion misses you.
As you read the scroll of fear, it crumbles to dust.
You assume a fearsome visage.
The scorpion looks frightened!
* * * LOW HITPOINT WARNING * * *
You feel sick.
Unknown command.
Unknown command.
Okay, then.
As you read the scroll labelled LEPPAY HAPLYH, it crumbles to dust.
It is a scroll of amnesia.
You feel forgetful for a moment.
* * * LOW HITPOINT WARNING * * *
You feel sick.
You have no spells to forget!
Unknown command.
Unknown command.
There is a lethal amount of poison in your body!
There is a lethal amount of poison in your body!
* * * LOW HITPOINT WARNING * * *
You feel sick.
* * * LOW HITPOINT WARNING * * *
You feel sick.
You die...

#####
##...## #
###..#@.#
#.#.
##.##.#
#..S.#.⌠.#
#
#..##.##.#
#..#..#
##s..##
#.### #.#
#.#


You could see a scorpion (fleeing).

Vanquished Creatures
  A scorpion (D:5)
  A jelly (D:5)
  4 adders (D:5)
  An orc (D:5)
  An endoplasm (D:4)
  A hobgoblin (D:4)
  3 jackals (D:5)
  A goblin (D:4)
13 creatures vanquished.

Notes
Turn   | Place    | Note
-------+----------+-------------------------------------------
     0 | D:5      | drugrobin the Demigod Delver began the quest for the Orb.
     0 | D:5      | Reached XP level 1. HP: 18/18 MP: 3/3
    15 | D:5      | Noticed a scorpion
    19 | D:5      | Killed a scorpion
    20 | D:5      | Reached XP level 2. HP: 25/25 MP: 4/4
    20 | D:5      | Reached XP level 3. HP: 30/30 MP: 5/5
   289 | D:5      | Reached XP level 4. HP: 33/37 MP: 6/6
   528 | D:4      | Noticed a phantom
   533 | D:4      | Found a runed translucent door.
   573 | D:4      | Gained mutation: You have large cloven feet. [potion of
                  | mutation]
   573 | D:4      | Gained mutation: You expend magic power (3 MP) to
                  | strengthen your wands. [potion of mutation]
   573 | D:4      | Gained mutation: Your spells are a little harder to cast,
                  | but a little more powerful. [potion of mutation]
   577 | D:4      | HP: 1/37 [poisoned by a scorpion]
   578 | D:4      | Succumbed to a scorpion's poison

Illustrated notes

Levels and vault maps discovered:
D:4:      layout_loops_cross, ebering_ghost_sewer_d, grunt_decor_one_mirror,
          kennysheep_dice
D:5:      layout_loops_ring, nicolae_overflow_crystal_walls,
          supply_closet_lemuel

Skill      XL: |  1  2  3 |
---------------+----------+-----
Short Blades   | 3 4 |  4.7
Fighting       | |  2.6
Dodging        | |  1.7
Stealth        | |  4.5

Action                   |  1- 3 |  4- 6 || total
-------------------------+-------+-------++-------
Melee: Short sword       |    20 |    23 ||    43
       Punch             |     1 |       ||     1
  Use: Scroll            |       |     2 ||     2
       Potion            |       |     1 ||     1
 Stab: Sleeping          |     2 |     6 ||     8
Armor: Leather armour    |     8 |     6 ||    14
Dodge: Dodged            |    17 |     9 ||    26

Table legend: (Time is in decaauts)
 A = Elapsed time spent in this place.
 B = Non-inter-level travel time spent in this place.
 C = Inter-level travel time spent in this place.
 D = Time resting spent in this place.
 E = Time spent auto-exploring this place.
 F = Levels seen in this place.
 G = Mean time per level.
                   A        B        C        D        E       F      G
               +--------+--------+--------+--------+--------+-----+--------+
         Total |    573 |    535 |     38 |      0 |    223 |   2 |  286.5 |
       Dungeon |    573 |    535 |     38 |      0 |    223 |   2 |  286.5 |
               +--------+--------+--------+--------+--------+-----+--------+

Top non-repeatable levels by time:
     D:5: 517 daAuts
     D:4: 55 daAuts
